 Dungeon Crawl Stone Soup version 0.28-a0-1347-g113dc556a4 (webtiles) character file.

Game seed: 8836376945680686273

42032 vineage the Warrior (level 13, 0/136 HPs)
             Began as a Minotaur Fighter on Dec 29, 2021.
             Was the Champion of Okawaru.
             Slain by a snapping turtle (14 damage)
             ... on level 6 of the Lair of Beasts.
             The game lasted 00:25:18 (23273 turns).

vineage the Warrior (Minotaur Fighter)             Turns: 23273, Time: 00:25:19

Health: 0/136      AC: 19    Str: 20    XL:     13   Next: 83%
Magic:  10/12      EV: 14    Int:  5    God:    Okawaru [******]
Gold:   859        SH: 14    Dex: 26    Spells: 12/12 levels left

rFire   + + +      SeeInvis .   Q - +6 double sword of the Smoking Spider {venom, Will+ rCorr Dex+4 Stlth+}
rCold   + . .      Faith    .   y - +3 buckler
rNeg    . . .      Spirit   .   r - +0 fire dragon scales
rPois   +          Reflect  .   (helmet restricted)
rElec   +          Harm     .   g - scarf {rC+ rF+}
rCorr   +          Rampage  .   C - +0 pair of gloves
Will    ++...                   M - +2 pair of boots {Stlth+}
Stlth   ++++......              f - amulet of the acrobat
HPRegen 0.32/turn               a - ring of Niby {rElec Will+ rCorr}
MPRegen 0.13/turn               q - +6 ring of dexterity

@: resistant, heroic, mesmerised, studying Shields, invisible
A: horns 2, retaliatory headbutt
a: Renounce Religion, Heroism, Finesse, Duel


You were on level 6 of the Lair of Beasts.
You worshipped Okawaru.
Okawaru was exalted by your worship.
You visited 3 branches of the dungeon, and saw 18 of its levels.
You also visited: Sewer and Ossuary.

You collected 1094 gold pieces.
You spent 235 gold pieces at shops.

Inventory:

Hand Weapons
 w - the +4 whip of Voloc {vorpal, rElec rN+ Int+9}
   (You found it on level 6 of the Dungeon)

   It inflicts extra damage upon your enemies.
   Int:       It affects your intelligence (+9).
   rElec:     It insulates you from electricity.
   rN:        It protects you from negative energy.
 Q - the +6 double sword of the Smoking Spider (weapon) {venom, Will+ rCorr Dex+4 Stlth+}
   (Okawaru gifted it to you on level 6 of the Lair of Beasts)

   It poisons the flesh of those it strikes.
   Dex:       It affects your dexterity (+4).
   rCorr:     It protects you from acid and corrosion.
   Will:      It increases your willpower.
   Stlth:     It makes you more stealthy.
Missiles
 J - 3 throwing nets (quivered)
Armour
 g - a scarf of resistance (worn)
 r - +0 fire dragon scales (worn)
 y - a +3 buckler (worn)
 C - a +0 pair of gloves (worn)
 M - a +2 pair of boots of stealth (worn)
 O - an orb of wrath
Jewellery
 a - the ring of Niby (left hand) {rElec Will+ rCorr}
   (You acquired it on level 7 of the Dungeon)

   [ring of willpower]

   rElec:     It insulates you from electricity.
   rCorr:     It protects you from acid and corrosion.
   Will:      It increases your willpower.
 d - a ring of protection from fire
 e - a ring of resist corrosion
 f - an amulet of the acrobat (around neck)
 q - a +6 ring of dexterity (right hand)
 F - a +4 ring of evasion
 L - a +6 ring of dexterity
Wands
 c - a wand of flame (31)
 k - a wand of digging (10)
 o - a wand of paralysis (9)
 B - a wand of iceblast (15)
 D - a wand of mindburst (20)
Scrolls
 b - 5 scrolls of enchant weapon
 i - 6 scrolls of teleportation
 m - 3 scrolls of magic mapping
 p - 2 scrolls of enchant armour
 s - 4 scrolls of silence
 u - 5 scrolls of identify
 v - 3 scrolls of fear
 E - 3 scrolls of fog
 I - 3 scrolls of amnesia
 K - 2 scrolls of holy word
Potions
 h - 8 potions of curing
 j - a potion of cancellation
 l - 4 potions of lignification
 n - a potion of brilliance
 t - 3 potions of mutation
 x - 2 potions of ambrosia
 z - 2 potions of resistance
 A - a potion of haste
 G - 5 potions of flight
 H - a potion of might
 P - 2 potions of magic


   Skills:
 + Level 18.9(23.9) Fighting
 - Level 2.4(7.4) Long Blades
 - Level 15.5(20.5) Maces & Flails
 + Level 11.5(16.5) Armour
 + Level 14.5(19.5) Shields


You had 12 spell levels left.
You didn't know any spells.
Your spell library contained the following spells:

 Spells                   Type           Power      Damage    Failure   Level
 Foxfire                  Conj/Fire      0%         2x1d4     77%         1
 Magic Dart               Conj           0%         1d3       77%         1
 Shock                    Conj/Air       0%         1d3       77%         1
 Sting                    Tmut/Pois      0%         1d3       77%         1
 Poisonous Vapours        Pois/Air       0%         N/A       88%         2
 Searing Ray              Conj           0%         2d4       88%         2
 Conjure Flame            Conj/Fire      0%         6-21      98%         3
 Dazzling Flash           Conj/Hex       0%         N/A       98%         3
 Inner Flame              Hex/Fire       0%         N/A       98%         3
 Swiftness                Air            0%         N/A       98%         3
 Teleport Other           Tloc           0%         N/A       98%         3
 Airstrike                Air            0%         N/A       100%        4
 Flame Wave               Conj/Fire      0%         2d4       100%        4
 Fulminant Prism          Conj/Hex       0%         3d6       100%        4
 Iskenderun's Mystic Bla  Conj/Tloc      0%         2d3       100%        4
 Olgreb's Toxic Radiance  Pois           0%         N/A       100%        4
 Passage of Golubria      Tloc           0%         N/A       100%        4
 Metabolic Englaciation   Hex/Ice        0%         N/A       100%        5
 Yara's Violent Unravell  Hex/Tmut       0%         3d3       100%        5
 Dispersal                Tloc           0%         N/A       100%        6
 Starburst                Conj/Fire      0%         6d3       100%        6
 Tukima's Dance           Hex            Unusable   N/A       N/A         3
 Summon Forest            Summ/Tloc      Unusable   N/A       N/A         5
 Malign Gateway           Summ/Tloc      Unusable   N/A       N/A         7

Dungeon Overview and Level Annotations

Branches:
Dungeon (11/15)            Temple (1/1) D:6            Lair (6/6) D:8
  Snake (0/4) Lair:4       Spider (0/4) Lair:3        Slime (0/5) Lair:5
    Orc (0/2) D:10          Sewer (visited)         Ossuary (visited)

Altars:
Ashenzari
Cheibriados
Dithmenos
Elyvilon
Fedhas
Gozag
Hepliaklqana
Kikubaaqudgha
Makhleb
Nemelex Xobeh
Okawaru
Qazlal
Ru
Sif Muna
Trog
Uskayaw
Vehumet
Wu Jian
Xom
Yredelemnul
Zin
The Shining One

Shops:
D:1 *   D:2 *   D:8 (   D:9 *


Innate Abilities, Weirdness & Mutations

You have a pair of horns on your head.
You reflexively headbutt those who attack you in melee.


Message History

You headbutt the rime drake, but do no damage.
The rime drake is almost dead.
You feel very sick.
The rime drake bites you but does no damage.
The merfolk avatar chants a haunting song.
You are mesmerised by the merfolk avatar!
The cane toad closely misses you. The basilisk bites you!
The rime drake bites you but does no damage.
The snapping turtle barely misses you.
The snapping turtle bites you from afar!
* * * LOW HITPOINT WARNING * * *
The merfolk avatar chants its luring song.
You feel protected.
You feel very sick.
The pull of its song draws you forwards.
You block the basilisk's attack.
The rime drake bites you but does no damage.
The snapping turtle bites you!!
* * * LOW HITPOINT WARNING * * *
You block the snapping turtle's attack. The cane toad closely misses you.
You furiously retaliate!
You headbutt the cane toad.
You fade into invisibility!
* * * LOW HITPOINT WARNING * * *
You feel very sick.
The rime drake bites you but does no damage.
You block the basilisk's attack. The sea snake closely misses you.
You block the cane toad's attack. The snapping turtle barely misses you.
The snapping turtle completely misses you.
You furiously retaliate!
You headbutt the snapping turtle, but do no damage.
You feel better.
The pull of its song draws you forwards.
You kill the rime drake!
Okawaru accepts your kill.
A steam dragon comes into view.
The sea snake bites you.
* * * LOW HITPOINT WARNING * * *
The basilisk gazes at something.
You resist with almost no effort. The snapping turtle bites you!
You die...

#≈≈#P............P#
#.≈##.D.............
#≈.≈≈≈.............#
#≈.≈≈≈............#
≈.≈P≈............#
≈.≈≈≈............###
≈≈≈≈m≈..†..........#
#≈#≈≈!.tS........P.##
#≈≈≈#≈.@Fl...........
≈≈≈ #≈..t............
#≈≈≈≈≈...(.........#.
#≈≈≈≈................
#≈≈#≈..............#.
.P≈##≈.............##
#≈ ≈.≈...^...........
≈ ≈≈≈≈...............
≈≈≈##................


You could see a merfolk avatar (mesmerising), a sea snake, 2 snapping turtles, a
cane toad (wandering), a basilisk and a steam dragon (wandering).

Vanquished Creatures
  The ghost of orehx the Martial Artist, a journeyman OpTm of Gozag (D:9)
  3 hydras
  A boulder beetle (Lair:3)
  Harold (Lair:2)
  A centaur warrior (D:9)
  3 death yaks (Lair:2)
  2 two-headed ogres
  Sonja (Lair:1)
  A sixfirhy (D:10)
  An ugly thing (D:8)
  An oklob plant (Lair:2)
  A manticore (Lair:6)
  A cyclops (D:9)
  Maurice (D:10)
  5 black mambas (Lair:4)
  A gargoyle (D:11)
  11 cane toads
  2 rime drakes
  3 kobold demonologists
  14 komodo dragons
  2 trolls (D:11)
  4 polar bears
  2 blink frogs (Lair:6)
  16 dream sheep
  4 wyverns
  49 yaks
  Eustachio (D:5)
  7 basilisks
  A steam dragon (D:7)
  A warg (D:10)
  15 water moccasins
  12 orc warriors
  An ice beast (D:6)
  A sky beast (D:5)
  3 black bears
  5 ogres
  12 wolves
  2 centaurs
  A phantom (D:5)
  6 kobold brigands
  17 bullfrogs
  A gnoll sergeant (D:9)
  3 scorpions
  A wyvern skeleton (D:7)
  A water moccasin skeleton (D:4)
  11 killer bees
  9 wights (D:8)
  2 electric eels (D:11)
  4 howler monkeys
  9 centaur zombies
  2 human zombies (Ossuary)
  A bullfrog skeleton (D:5)
  3 jellies
  6 orc priests
  5 hounds
  Terence (D:3)
  6 orc wizards
  A killer bee zombie (D:9)
  A howler monkey zombie (D:11)
  4 mummies (Ossuary)
  3 gnolls (D:9)
  A howler monkey skeleton (D:5)
  7 adders
  3 river rats (D:3)
  A shadow imp (D:5)
  A white imp (D:8)
  An ufetubus (D:5)
  An adder zombie (D:5)
  A worm (D:4)
  3 dart slugs
  42 orcs
  6 endoplasms
  9 giant cockroaches
  A gnoll zombie (Ossuary)
  11 goblins
  9 hobgoblins
  4 quokkas
  9 ball pythons
  5 bats
  13 frilled lizards
  27 kobolds
  2 kobold zombies (Ossuary)
  13 rats
  A spectral goblin (D:2)
462 creatures vanquished.

Vanquished Creatures (others)
  An orc (D:4)
  22 fungi
  67 plants
90 creatures vanquished.

Grand Total: 552 creatures vanquished

Notes
Turn   | Place    | Note
-------+----------+-------------------------------------------
     0 | D:1      | vineage the Minotaur Fighter began the quest for the Orb.
     0 | D:1      | Reached XP level 1. HP: 19/19 MP: 0/0
   334 | D:1      | Found Piow's General Store.
   355 | D:1      | Reached XP level 2. HP: 25/27 MP: 1/1
   477 | D:1      | Reached skill level 4 in Fighting
   816 | D:2      | Reached XP level 3. HP: 30/30 MP: 2/2
   826 | D:2      | Found a faded altar of an unknown god.
   863 | D:2      | Found Lodiniqi's Assorted Antiques.
  1001 | D:2      | Found a radiant altar of Vehumet.
  1659 | D:3      | Noticed Terence
  1672 | D:3      | Killed Terence
  1673 | D:3      | Reached XP level 4. HP: 14/41 MP: 3/3
  1887 | D:3      | Found a glowing drain.
  1905 | Sewer    | Entered a sewer
  2111 | Sewer    | Reached skill level 5 in Armour
  2119 | Sewer    | Reached skill level 5 in Shields
  2119 | Sewer    | Reached XP level 5. HP: 44/47 MP: 4/4
  2202 | Sewer    | Reached skill level 5 in Fighting
  3137 | D:4      | Reached XP level 6. HP: 19/57 MP: 5/5
  3419 | D:4      | Reached skill level 6 in Fighting
  3458 | D:4      | Found a sand-covered staircase.
  3486 | Ossuary  | Entered an ossuary
  3615 | Ossuary  | Reached XP level 7. HP: 64/64 MP: 6/6
  3692 | Ossuary  | Reached skill level 7 in Fighting
  4364 | D:5      | Entered Level 5 of the Dungeon
  4626 | D:5      | Reached skill level 8 in Fighting
  4641 | D:5      | Noticed Eustachio
  4648 | D:5      | Killed Eustachio
  4649 | D:5      | Reached XP level 8. HP: 72/75 MP: 7/7
  4882 | D:5      | Identified a scroll of acquirement
  4882 | D:5      | Acquired a manual of Shields
  4906 | D:5      | Reached skill level 9 in Fighting
  5638 | D:6      | Reached skill level 10 in Fighting
  5783 | D:6      | Identified the +4 whip of Voloc {vorpal, rElec rN+ Int+9}
  5897 | D:6      | Reached XP level 9. HP: 85/85 MP: 8/8
  5917 | D:6      | Identified the +10 shortbow of Fery {venom, *Slow Will+
                  | Str+2}
  6137 | D:6      | Reached skill level 1 in Maces & Flails
  6236 | D:6      | Found a staircase to the Ecumenical Temple.
  6369 | Temple   | Entered the Ecumenical Temple
  6559 | Temple   | Became a worshipper of Warmaster Okawaru
  6725 | D:2      | Bought a green potion for 25 gold pieces
  6725 | D:2      | Bought a shiny buckler for 210 gold pieces
  7290 | D:7      | Reached skill level 11 in Fighting
  7330 | D:7      | Acquired the ring of Niby {rElec Will+ rCorr}
  7473 | D:7      | Found a stormy altar of Qazlal.
  7477 | D:7      | Reached skill level 10 in Shields
  7570 | D:7      | Reached * piety under Okawaru
  7960 | D:8      | Noticed a brown ugly thing
  8486 | D:8      | Found a staircase to the Lair.
  8686 | D:8      | Found Saytux's Weapon Emporium.
  8821 | D:8      | HP: 3/90 [orc warrior (19)]
  8833 | D:8      | Reached skill level 12 in Fighting
  8834 | D:8      | Reached XP level 10. HP: 29/97 MP: 9/9
  8836 | D:8      | Reached ** piety under Okawaru
  9087 | D:8      | Killed a brown ugly thing
  9792 | D:9      | Reached skill level 5 in Maces & Flails
 10076 | D:9      | Noticed a smoke demon
 10088 | D:9      | Reached *** piety under Okawaru
 10098 | D:9      | Reached skill level 13 in Fighting
 10226 | D:9      | Noticed a cyclops
 10235 | D:9      | Killed a cyclops
 10345 | D:9      | Found a runed translucent door.
 10345 | D:9      | Noticed a centaur warrior
 10345 | D:9      | Noticed orehx's ghost (journeyman OpTm)
 10464 | D:9      | Found Tavioc's Overcharged Wands.
 10680 | D:9      | Killed orehx's ghost
 10689 | D:9      | Killed a centaur warrior
 10689 | D:9      | Reached **** piety under Okawaru
 10834 | D:10     | Entered Level 10 of the Dungeon
 11090 | D:10     | Reached XP level 11. HP: 106/108 MP: 10/10
 11122 | D:10     | Identified the +1 whip "Xyovaohedd" {venom, rN+ Stlth+}
 11159 | D:10     | Found a runed translucent door.
 11159 | D:10     | Noticed a sixfirhy
 11220 | D:10     | Reached skill level 14 in Fighting
 11224 | D:10     | Found a staircase to the Orcish Mines.
 11647 | D:10     | Noticed Maurice
 11662 | D:10     | Killed Maurice
 11905 | D:10     | Reached ***** piety under Okawaru
 11964 | D:10     | Noticed a two-headed ogre
 11983 | D:10     | Killed a two-headed ogre
 12254 | D:10     | Got the Papyrus of the Traveller
 12695 | D:10     | Killed a sixfirhy
 12773 | D:11     | Noticed a two-headed ogre
 12795 | D:11     | Killed a two-headed ogre
 12796 | D:11     | Reached skill level 15 in Fighting
 12796 | D:11     | Reached skill level 10 in Maces & Flails
 13009 | D:11     | Noticed an eight-headed hydra
 13473 | D:11     | Noticed a boulder beetle
 13929 | Lair:1   | Entered Level 1 of the Lair of Beasts
 14451 | Lair:1   | Received a gift from Okawaru
 14563 | Lair:1   | Noticed Sonja
 14571 | Lair:1   | Killed Sonja
 14620 | Lair:1   | Reached skill level 16 in Fighting
 14659 | Lair:1   | Reached XP level 12. HP: 105/122 MP: 11/11
 14930 | Lair:1   | Noticed a five-headed hydra
 14939 | Lair:1   | Killed a five-headed hydra
 15045 | Lair:1   | Reached ****** piety under Okawaru
 15822 | Lair:2   | Received a gift from Okawaru
 16000 | Lair:2   | Reached skill level 17 in Fighting
 16126 | Lair:2   | Noticed Harold
 16139 | Lair:2   | Killed Harold
 16822 | Lair:3   | Found a hole to the Spider Nest.
 16836 | Lair:3   | Noticed a death yak
 16836 | Lair:3   | Noticed a death yak
 16837 | Lair:3   | Noticed a death yak
 16863 | Lair:2   | Killed a death yak
 17246 | Lair:2   | Killed a death yak
 17270 | Lair:2   | Killed a death yak
 17596 | Lair:3   | Noticed a boulder beetle
 17638 | Lair:3   | Killed a boulder beetle
 17914 | Lair:3   | HP: 2/127 [komodo dragon (20)]
 18420 | Lair:3   | Reached skill level 18 in Fighting
 18702 | Lair:3   | Noticed a four-headed hydra
 18712 | Lair:3   | Killed a four-headed hydra
 18713 | Lair:3   | Reached XP level 13. HP: 127/134 MP: 12/12
 19122 | Lair:4   | Found a staircase to the Snake Pit.
 19129 | Lair:4   | Reached skill level 10 in Armour
 20984 | Lair:4   | Received a gift from Okawaru
 21366 | Lair:5   | Reached skill level 15 in Maces & Flails
 22368 | Lair:5   | Received a gift from Okawaru
 22422 | Lair:5   | Got Wishuor's Papyrus of the Voyage and the Snowflakes
 22575 | Lair:5   | Found a staircase to the Slime Pits.
 22853 | Lair:6   | Entered Level 6 of the Lair of Beasts
 23229 | Lair:6   | Identified the +6 double sword of the Smoking Spider
                  | {venom, Will+ rCorr Dex+4 Stlth+} (Okawaru gifted it to you
                  | on level 6 of the Lair of Beasts)
 23229 | Lair:6   | Received a gift from Okawaru
 23273 | Lair:6   | Slain by a snapping turtle

Illustrated notes

Levels and vault maps discovered:
D:1:      scummos_arrival_forest, layout_basic, serial_shops, shop_statue
D:2:      layout_basic, dreamdust_ecumenical_altar_drowned_temple, serial_shops,
          nicolae_shop_stone, basic_altar, minmay_misc_feat_pillars,
          minmay_rat_gold_closets
D:3:      layout_basic, cheibrodos_sewer_entry_sluice, minmay_distorted,
          uniq_terence
D:4:      layout_rooms, chequers_ossuary_entry_cave, grunt_ministairs_11,
          minivault_27
D:5:      layout_rooms, uniq_eustachio
D:6:      layout_rooms, temple_hall, serial_corexii_hall,
          corexii_hall_statues_deadend, corexii_hall_statues_deadend,
          corexii_hall_statues_l, corexii_hall_statues_i
D:7:      black_bear_nest_1, layout_basic, nicolae_qazlal_style_of_elements
D:8:      minmay_octagon_keep, layout_basic, dpeg_oklobed_lair, serial_shops,
          nicolae_lakefront_shop, amcnicky_mini_pool_small
D:9:      layout_basic, ebering_ghost_inner_flame,
          nicolae_shop_overcharged_wands
D:10:     cheibrodos_shockbox, layout_loops_corners, erik_orc_3, uniq_maurice
D:11:     layout_grid_maze, serial_bayou, serial_bayou_crossing,
          serial_bayou_pond_b, serial_bayou_lagoon_a, serial_bayou_ford_a,
          uniq_psyche
Temple:   mainiacjoe_temple_archimedes_tessellation
Lair:1:   layout_regular_city, lemuel_fruit_tree, grunt_megastairs_3, uniq_sonja
Lair:2:   layout_regular_city, serial_bayou_shore_b, uniq_harold
Lair:3:   layout_regular_city, spider_nest_entry_web_field
Lair:4:   layout_regular_city, minmay_snake_entry_six_corridors, serial_forest,
          infiniplex_forest_clump_large, infiniplex_forest_clump_long,
          infiniplex_forest_lined_2, infiniplex_forest_clump_long,
          infiniplex_forest_lined_ring, infiniplex_forest_straight_2
Lair:5:   layout_misc_corridors, dpeg_slime_entry_corner,
          small_statue_intersection, grunt_megastairs_4
Lair:6:   gammafunk_lair_ancient_temple, layout_regular_city

Skill      XL: |  1  2  3  4  5  6  7  8  9 10 11 12 13 |
---------------+----------------------------------------+-----
Armour         | 4 5 6 8 9 11 | 11.5
Fighting       | 4 5 6 8 10 12 13 16 18 | 18.9
Shields        | 4 5 6 9 11 14 | 14.5
Maces & Flails | 4 8 11 14 15 | 15.5
Long Blades    | |  2.4

Action                   |  1- 3 |  4- 6 |  7- 9 | 10-12 | 13-15 || total
-------------------------+-------+-------+-------+-------+-------++-------
Melee: Long sword        |    59 |       |       |       |       ||    59
       Headbutt          |    14 |    22 |   101 |   302 |   170 ||   609
       War axe           |    24 |   113 |   132 |       |       ||   269
       Whip              |       |       |   195 |   858 |   423 ||  1476
       Double sword      |       |       |       |       |    12 ||    12
Invok: Heroism           |       |       |     1 |    16 |     4 ||    21
  Use: Scroll            |     4 |     6 |    13 |     6 |     2 ||    31
       Potion            |       |       |     6 |     5 |     4 ||    15
 Stab: Distracted        |       |       |       |       |     1 ||     1
Armor: Scale mail        |    24 |    26 |       |       |       ||    50
       Fire dragon scale |       |    39 |   130 |   147 |    80 ||   396
Dodge: Dodged            |    29 |    69 |   202 |   223 |   107 ||   630
Block: Buckler           |    17 |    36 |   140 |   321 |   161 ||   675

Table legend: (Time is in decaauts)
 A = Elapsed time spent in this place.
 B = Non-inter-level travel time spent in this place.
 C = Inter-level travel time spent in this place.
 D = Time resting spent in this place.
 E = Time spent auto-exploring this place.
 F = Levels seen in this place.
 G = Mean time per level.
                   A        B        C        D        E       F      G
               +--------+--------+--------+--------+--------+-----+--------+
         Total |  22913 |  21744 |   1169 |   6641 |  11941 |  20 | 1145.7 |
       Dungeon |  12836 |  11828 |   1008 |   3555 |   6486 |  11 | 1166.9 |
        Temple |    221 |    161 |     60 |      0 |    141 |   1 |  221.0 |
          Lair |   8902 |   8801 |    101 |   3086 |   4677 |   6 | 1483.7 |
         Sewer |    607 |    607 |      0 |      0 |    453 |   1 |  607.0 |
       Ossuary |    345 |    345 |      0 |      0 |    183 |   1 |  345.0 |
               +--------+--------+--------+--------+--------+-----+--------+

Top non-repeatable levels by time:
  Lair:4: 2182 daAuts
    D:10: 2052 daAuts
     D:8: 1821 daAuts
  Lair:5: 1747 daAuts
  Lair:1: 1722 daAuts
  Lair:2: 1631 daAuts
  Lair:3: 1525 daAuts
     D:9: 1365 daAuts
     D:5: 1315 daAuts
     D:4: 1097 daAuts
     D:2: 1011 daAuts
     D:7: 952 daAuts
     D:3: 874 daAuts
     D:6: 835 daAuts
    D:11: 773 daAuts
